 Dungeon Crawl Stone Soup version 0.31-a0-544-gceb718ecc6 (webtiles) character file.

Game seed: 11612139398247918395

8234 Fodor the Protected (level 11, -1/97 HPs)
             Began as a Minotaur Fighter on Aug 16, 2023.
             Was an Initiate of Gozag.
             Killed from afar by an electric eel (7 damage)
             ... with a bolt of electricity
             ... on level 9 of the Dungeon.
             The game lasted 01:06:20 (9684 turns).

Fodor the Protected (Minotaur Fighter)              Turns: 9684, Time: 01:06:20

Health: -1/97      AC: 22    Str: 28    XL:     11   Next: 7%
Magic:  10/10      EV:  9    Int:  4    God:    Gozag
Gold:   1212       SH:  0    Dex: 11    Spells: 10/10 levels left

rFire   + + .        H - +4 trident (heavy)
rCold   x . .        (no shield)
rNeg    + . .        t - +0 plate armour of Gazxet {rF+ Str+4}
rPois   +            (helmet restricted)
rElec   .            M - +2 ratskin cloak {*Rats rPois rN+ Str-1 Int-1 Dex+1}
rCorr   .            f - +0 pair of gloves
SInv    +            r - +0 pair of boots
Will    .....        x - amulet of regeneration Stlth
                     w - ring of see invisible
HPRegen 1.16/turn    y - ring of fire
MPRegen 0.12/turn

%: no passive effects
@: no status effects
A: horns 2, retaliatory headbutt
a: Renounce Religion, Potion Petition, Call Merchant, Bribe Branch


You were on level 9 of the Dungeon.
You worshipped Gozag.
Gozag was most pleased with you.
You visited 2 branches of the dungeon, and saw 10 of its levels.
You also visited: Bailey.

You collected 1712 gold pieces.
You spent 455 gold pieces at shops.
You paid 45 gold pieces to Gozag.

Inventory:

Hand Weapons
 b - the +6 trident of Hospitality {antimagic, +Blink Dex+5}
   (You found it on level 4 of the Dungeon)

   Dex+5:     It affects your dexterity (+5).
   +Blink:    It lets you blink.
 H - a +4 heavy trident (weapon)
 L - a +5 heavy orcbow
Missiles
 c - 4 boomerangs
 u - 8 poisoned darts
Armour
 f - a +0 pair of gloves (worn)
 r - a +0 pair of boots (worn)
 t - the +0 plate armour of Gazxet (worn) {rF+ Str+4}
   (You found it on level 3 of the Dungeon)

   Str+4:     It affects your strength (+4).
   rF+:       It protects you from fire.
 G - a +0 cloak of willpower
 I - a +0 kite shield
 M - the +2 ratskin cloak (worn) {*Rats rPois rN+ Str-1 Int-1 Dex+1}
   (You found it on level 8 of the Dungeon)

   *Rats:     When the wearer is hurt, rats may emerge from it to assist them.
   Str-1:     It affects your strength (-1).
   Int-1:     It affects your intelligence (-1).
   Dex+1:     It affects your dexterity (+1).
   rPois:     It protects you from poison rN+: It protects you from negative
   energy.
 N - +1 fire dragon scales
 P - a +3 chain mail
Jewellery
 w - a ring of see invisible (left hand)
 x - an amulet of regeneration (around neck)
 y - a ring of fire (right hand)
 B - a ring of willpower
 F - a ring of ice
Talismans
 g - a dragon-blood talisman
 E - a beast talisman
Wands
 v - a wand of polymorph (11)
 A - a wand of mindburst (41)
Scrolls
 a - 4 scrolls of poison
 e - 3 scrolls of teleportation
 h - a scroll of fear {unknown}
 j - 4 scrolls of revelation
 l - 2 scrolls of fog
 m - 3 scrolls of vulnerability
 n - 2 scrolls of summoning {unknown}
 o - 5 scrolls of amnesia
 p - 2 scrolls of enchant armour {unknown}
 q - a scroll of immolation {unknown}
 z - 2 scrolls of noise {unknown}
 O - a scroll of acquirement {unknown}
Potions
 d - 5 potions of might
 i - 2 potions of brilliance {unknown}
 k - 2 potions of heal wounds
 s - 4 potions of curing {unknown}
 C - a potion of enlightenment {unknown}
 D - a potion of resistance {unknown}
 J - 2 potions of berserk rage {unknown}
 K - a potion of haste {unknown}
 Q - a potion of ambrosia {unknown}


   Skills:
 + Level 9.1 Fighting
 + Level 2.4(3.4) Short Blades
 + Level 4.0(4.5) Long Blades
 + Level 11.3 Polearms
 + Level 2.6 Ranged Weapons
 + Level 12.0 Armour
 + Level 2.7 Dodging
 + Level 0.4 Stealth
 + Level 7.9 Shields
 + Level 0.2 Evocations


You had 10 spell levels left.
You didn't know any spells.
Your spell library contained the following spells:

 Spells                   Type           Power      Damage    Failure   Level
 Cigotuvi's Dreadful Rot  Necr/Pois/Air  0%         N/A       99%         2
 Inner Flame              Hex/Fire       0%         N/A       100%        3
 Flame Wave               Conj/Fire      0%         2d4       100%        4
 Olgreb's Toxic Radiance  Pois           0%         N/A       100%        4
 Sticky Flame             Conj/Fire      0%         2d3       100%        4
 Eringya's Noxious Bog    Tmut/Pois      0%         4d6       100%        6


Dungeon Overview and Level Annotations

Branches:
Dungeon (9/15)             Temple (1/1) D:4            Lair (0/5) D:9
    Orc (0/2) D:9          Bailey (visited)

Altars:
Ashenzari
Cheibriados
Dithmenos
Elyvilon
Gozag
Hepliaklqana
Kikubaaqudgha
Nemelex Xobeh
Okawaru
Qazlal
Ru
Sif Muna
Trog
Vehumet
Wu Jian
Xom
Yredelemnul
Zin
The Shining One

Shops:
D:2 :!   D:5 *   D:6 [

Annotations:
D:3 3 runed translucent doors, Shayle's ghost, amateur OgSh
D:6 3 runed translucent doors, lunkers's ghost, novice MeSh
D:9 3 runed translucent doors, bahustanut's ghost, novice TrSh


Innate Abilities, Weirdness & Mutations

You have a pair of horns on your head.
You reflexively headbutt those who attack you in melee.


Message History

The electric eel shoots out a bolt of lightning at you!
The bolt of electricity hits the electric eel.
The electric eel completely resists.
The bolt of electricity hits you.
The electric eel shoots out a bolt of lightning at you!
The bolt of electricity hits you.
The electric eel shoots out a bolt of lightning at you!
The bolt of electricity hits the electric eel.
The electric eel completely resists.
The bolt of electricity hits the electric eel.
The electric eel completely resists.
The bolt of electricity hits you.
The electric eel shoots out a bolt of lightning at you!
The bolt of electricity hits the electric eel.
The electric eel completely resists.
The bolt of electricity misses you.
The electric eel shoots out a bolt of lightning at you!
The bolt of electricity hits you!
The electric eel shoots out a bolt of lightning at you!
The bolt of electricity hits the electric eel.
The electric eel completely resists.
The bolt of electricity hits you!
The electric eel shoots out a bolt of lightning at you!
The bolt of electricity hits the electric eel.
The electric eel completely resists.
The bolt of electricity hits you!
The electric eel shoots out a bolt of lightning at you!
The bolt of electricity hits you. The bolt of electricity hits you!
* * * LOW HITPOINT WARNING * * *
The bolt of electricity misses the electric eel.
The electric eel shoots out a bolt of lightning at you!
The bolt of electricity hits you!
* * * LOW HITPOINT WARNING * * *
The electric eel shoots out a bolt of lightning at you!
The bolt of electricity hits the electric eel.
The electric eel completely resists.
The bolt of electricity hits the electric eel.
The electric eel completely resists.
The bolt of electricity hits you!
* * * LOW HITPOINT WARNING * * *
The electric eel shoots out a bolt of lightning at you!
The bolt of electricity hits you.
* * * LOW HITPOINT WARNING * * *
The bolt of electricity hits you!
You die...
Your body crumbles into a pile of gold.

#.........####.####.#<......#
#####.........# #[####.#..#.#..#
...##.........####.##...........#
...######...............##.#.#..#
...# #......#....#........#..#
...# #........................
...## #......##............<..#
...~## #......###....#......##.#
...~~####.......@......~..#######
~~~~~.....#.###.#..##.~~~.#######
~~~~~...........#....~~~~~.......
.[.~.......######...S~~~~~~#.####
...~.......######..S~~~~~~~~.#
#####...#.....#....S~~~~~~~~~#
♣..(#...#.###.#....~S~~~~~~~~~
(...#..##.# #....~~~~~~~~~..
..(.+..##.# .#....~~~~~~~~~.#


You could see 4 electric eels.

Vanquished Creatures
  Erica (D:9)
  Jeremiah (D:7)
  A deep elf pyromancer (Bailey)
  An orc knight (Bailey)
  Joseph (D:7)
  An unseen horror (D:8)
  2 hornets
  4 yaks (D:9)
  A vampire (D:9)
  Menkaure (D:4)
  2 wargs (D:9)
  3 water moccasins
  An acid dragon (D:8)
  5 orc warriors
  A swamp drake (D:9)
  3 ice beasts
  A sky beast (D:8)
  2 ogres
  A centaur (D:5)
  5 phantoms
  2 bullfrogs
  A gnoll sergeant (D:6)
  2 scorpions
  3 wights (D:8)
  2 killer bees (D:9)
  4 howler monkeys
  An electric eel (D:9)
  A crimson imp (D:7)
  A lava snake (D:8)
  A gnoll bouda (D:9)
  7 orc priests
  3 hounds
  3 jellies
  2 sleepcaps (D:4)
  Natasha (thrice) (D:2)
  2 iguanas
  10 orc wizards
  8 gnolls
  5 adders
  A shadow imp (D:7)
  2 white imps
  3 ufetubi
  2 worms
  2 dart slugs
  38 orcs
  4 ball pythons
  7 bats
  7 endoplasms
  A giant cockroach (D:4)
  11 goblins
  8 hobgoblins
  13 jackals
  7 quokkas
  2 frilled lizards
  13 kobolds
  5 rats
225 creatures vanquished.

Vanquished Creatures (collateral kills)
  A yak (D:9)
  A centaur (D:9)
  A kobold brigand (D:9)
  A killer bee (D:9)
  A howler monkey (D:9)
5 creatures vanquished.

Vanquished Creatures (others)
  An orc (D:9)
1 creature vanquished.

Grand Total: 231 creatures vanquished

Notes
Turn   | Place    | Note
-------+----------+-------------------------------------------
     0 | D:1      | Fodor the Minotaur Fighter began the quest for the Orb.
     0 | D:1      | Reached XP level 1. HP: 19/19 MP: 0/0
   240 | D:1      | Reached skill level 4 in Armour
   251 | D:1      | Reached XP level 2. HP: 27/27 MP: 1/1
  1004 | D:1      | Reached XP level 3. HP: 32/33 MP: 2/2
  1335 | D:2      | Found Plog's Book Shoppe.
  1399 | D:2      | Found Dakk's Distillery.
  1410 | D:2      | Bought a potion of heal wounds for 60 gold pieces
  1612 | D:2      | Noticed Natasha
  1624 | D:2      | Killed Natasha
  1625 | D:2      | Reached XP level 4. HP: 23/40 MP: 3/3
  1825 | D:2      | Noticed Natasha
  1836 | D:2      | Killed Natasha
  1837 | D:2      | Reached skill level 1 in Dodging
  1987 | D:2      | Noticed Natasha
  2000 | D:2      | Killed Natasha
  2001 | D:2      | Reached skill level 1 in Short Blades
  2014 | D:3      | Noticed a scorpion
  2027 | D:3      | Killed a scorpion
  2028 | D:3      | Reached XP level 5. HP: 38/46 MP: 4/4
  2170 | D:3      | Found a runed translucent gate.
  2170 | D:3      | Found a runed translucent gate.
  2170 | D:3      | Found a runed translucent gate.
  2171 | D:3      | Identified the +0 plate armour of Gazxet {rF+ Str+4}
  2174 | D:3      | Noticed Shayle's ghost (amateur OgSh)
  2178 | D:3      | Reached skill level 5 in Armour
  2362 | D:3      | Noticed a +0 falchion
  2362 | D:3      | Noticed a +0 dagger
  2363 | D:3      | Noticed a +0 dagger
  2363 | D:3      | Noticed a +0 short sword
  2363 | D:3      | Noticed a +0 spear
  2363 | D:3      | Noticed a +0 spear
  2364 | D:3      | Noticed a +0 falchion
  2364 | D:3      | Noticed a +0 short sword
  2523 | D:3      | Found a glowing silver altar of Zin.
  2643 | D:3      | You fall into a shaft and drop 1 floor!
  2669 | D:4      | Found a staircase to the Ecumenical Temple.
  2684 | D:4      | Found an iron altar of Okawaru.
  2684 | D:4      | Identified the +6 trident of Hospitality {antimagic, +Blink
                  | Dex+5}
  2730 | Temple   | Entered the Ecumenical Temple
  2756 | Temple   | Became a worshipper of Gozag Ym Sagoz the Greedy
  2884 | D:4      | Noticed Menkaure
  2889 | D:4      | Killed Menkaure
  2890 | D:4      | Reached skill level 1 in Polearms
  2890 | D:4      | Reached XP level 6. HP: 36/53 MP: 1/5
  3021 | D:4      | Reached skill level 6 in Armour
  3021 | D:4      | Reached XP level 7. HP: 15/60 MP: 2/6
  3488 | D:4      | Found a glowing golden altar of the Shining One.
  3688 | D:5      | Entered Level 5 of the Dungeon
  3799 | D:5      | Found Tughieru's Assorted Antiques.
  3812 | D:5      | Bought a runed cabochon ring for 125 gold pieces
  3812 | D:5      | Bought a scroll labelled WOKKIP WESUFULE for 25 gold pieces
  3812 | D:5      | Bought a scroll labelled WOKKIP WESUFULE for 25 gold pieces
  3812 | D:5      | Bought a scroll labelled DEATADOUSS for 25 gold pieces
  3832 | D:5      | Reached skill level 5 in Fighting
  3832 | D:5      | Reached skill level 5 in Shields
  4268 | D:5      | Found a shimmering blue altar of Sif Muna.
  4342 | D:5      | Found a stormy altar of Qazlal.
  4381 | D:5      | Reached skill level 5 in Polearms
  4558 | D:5      | Reached skill level 7 in Armour
  4587 | D:5      | Reached XP level 8. HP: 68/68 MP: 2/7
  4887 | D:6      | Found a runed translucent gate.
  4887 | D:6      | Found a runed translucent gate.
  4887 | D:6      | Found a runed translucent gate.
  4889 | D:6      | Noticed lunkers's ghost (novice MeSh)
  4890 | D:6      | Noticed a kobold demonologist
  5053 | D:6      | Found Uheluis's Antique Armour Shop.
  5066 | D:6      | Bought a glowing cloak for 195 gold pieces
  5330 | D:6      | Reached skill level 8 in Armour
  5866 | D:7      | Found a flagged portal.
  5870 | D:7      | Noticed Joseph
  5889 | D:7      | Killed Joseph
  5919 | Bailey   | Entered a bailey
  5938 | Bailey   | Reached XP level 9. HP: 63/75 MP: 8/8
  6065 | Bailey   | Noticed an orc knight
  6079 | Bailey   | Killed an orc knight
  6080 | Bailey   | Reached skill level 9 in Armour
  6080 | Bailey   | Found a large runed translucent door.
  6080 | Bailey   | Found a large runed translucent door.
  6143 | Bailey   | Noticed a deep elf pyromancer
  6198 | Bailey   | Killed a deep elf pyromancer
  6348 | D:7      | Reached skill level 10 in Armour
  6382 | D:7      | Got the Anthology of the Assassin
  6830 | D:7      | Noticed Jeremiah
  6939 | D:7      | Killed Jeremiah
  6940 | D:7      | Reached XP level 10. HP: 7/73 MP: 9/9
  7578 | D:8      | Reached skill level 1 in Ranged Weapons
  7604 | D:8      | Found a shimmering altar of Xom.
  7614 | D:8      | Found a white marble altar of Elyvilon.
  8041 | D:8      | Found the +2 ratskin cloak {*Rats rPois rN+ Str-1 Int-1
                  | Dex+1}
  8166 | D:8      | Found a bloodstained altar of Trog.
  8260 | D:8      | Reached skill level 10 in Polearms
  8260 | D:8      | Reached skill level 11 in Armour
  8264 | D:8      | Found an ancient bone altar of Kikubaaqudgha.
  8838 | D:9      | Found a sacrificial altar of Ru.
  9004 | D:9      | Found a staircase to the Orcish Mines.
  9394 | D:9      | Found a staircase to the Lair.
  9490 | D:9      | Found a runed translucent gate.
  9490 | D:9      | Found a runed translucent gate.
  9492 | D:9      | Found a runed translucent gate.
  9495 | D:9      | Noticed bahustanut's ghost (novice TrSh)
  9643 | D:9      | Identified the +1 leather armour of Gozag's Hope {Will+
                  | Int+5}
  9643 | D:9      | Noticed Erica
  9652 | D:9      | Killed Erica
  9653 | D:9      | Reached skill level 12 in Armour
  9653 | D:9      | Reached XP level 11. HP: 86/97 MP: 10/10
  9684 | D:9      | Killed from afar by an electric eel

Illustrated notes

Levels and vault maps discovered:
D:1:      lightli_iron_boxes, layout_basic, chequers_serial_rivers_marsh
D:2:      layout_loops_cross, serial_shops, nicolae_shop_real_fake_doors, shop,
          nicolae_the_louvre, uniq_natasha
D:3:      layout_basic, fedhas_altar_2, zin_academy, nicolae_uskayaw_en_pointe,
          serial_bayou, serial_bayou_shore_b, serial_bayou_pond_d,
          serial_bayou_pond_d, serial_bayou_lagoon_a, ebering_ghost_rock_garden
D:4:      layout_basic, general_overflow_altar, lemuel_crystal_altar,
          temple_pool_b, serial_curves, eino_curves_02, eino_curves_04,
          eino_curves_03, hangedman_abyss_or_decor_stabs, uniq_menkaure
D:5:      layout_gridville, nicolae_qazlal_eye_of_the_storm,
          lemuel_blue_sif_altar, serial_shops, nicolae_shop_stone
D:6:      layout_loops_ring, gammafunk_ghost_nasty_kobolds, serial_shops,
          nicolae_shop_crystal, minmay_misc_feat_iff
D:7:      layout_basic, enter_bailey_5, minmay_fire_ice_demons, uniq_joseph,
          uniq_jeremiah
D:8:      layout_basic, lightli_temple_of_fire,
          mainiacjoe_overflow_large_starburst,
          mainiacjoe_overflow_six_doors_small, kennysheep_cluttered_room,
          nicolae_lava_and_water, hangedman_glass_teeth
D:9:      layout_basic, lemuel_tele_altar, mainiacjoe_overflow_chevrons,
          erik_lair_orcish_takeover, erik_orc_1, ebering_ghost_rock_garden,
          uniq_erica
Temple:   hellmonk_temple_forest_ring

Skill      XL: |  1  2  3  4  5  6  7  8  9 10 |
---------------+-------------------------------+-----
Armour         | 4 5 6 7 8 10 12 | 12.0
Shields        | 4 5 6 7 |  7.9
Fighting       | 4 5 6 7 9 |  9.1
Long Blades    | 3 4 |  4.0
Dodging        | 1 2 |  2.7
Short Blades   | 1 2 |  2.4
Polearms       | 1 2 5 7 9 11 | 11.3
Ranged Weapons | 2 |  2.6
Stealth        | |  0.4
Evocations     | |  0.2

Action                     |  1- 3 |  4- 6 |  7- 9 | 10-12 || total
---------------------------+-------+-------+-------+-------++-------
  Melee: Long sword        |    55 |       |       |       ||    55
         Headbutt          |    10 |    22 |    36 |    25 ||    93
         Dagger            |    42 |    69 |       |       ||   111
         Trident           |       |    44 |   223 |   135 ||   402
         Punch             |       |       |       |     1 ||     1
   Fire: Orcbow            |       |       |     8 |    11 ||    19
  Evoke: Wand              |       |       |     1 |     2 ||     3
    Use: Potion            |       |       |     2 |       ||     2
         Scroll            |       |       |     7 |     5 ||    12
   Stab: Distracted        |       |       |       |     1 ||     1
 Armour: Scale mail        |    57 |     9 |       |       ||    66
         Plate armour      |       |    57 |   169 |   159 ||   385
  Dodge: Dodged            |    50 |    42 |   118 |   116 ||   326
  Block: Buckler           |    27 |    25 |    76 |       ||   128
         Kite shield       |       |       |    38 |       ||    38

Table legend: (Time is in decaauts)
 A = Elapsed time spent in this place.
 B = Non-inter-level travel time spent in this place.
 C = Inter-level travel time spent in this place.
 D = Time resting spent in this place.
 E = Time spent auto-exploring this place.
 F = Levels seen in this place.
 G = Mean time per level.
                   A        B        C        D        E       F      G
               +--------+--------+--------+--------+--------+-----+--------+
         Total |   9828 |   9508 |    320 |   1030 |      0 |  11 |  893.5 |
       Dungeon |   9379 |   9059 |    320 |    994 |      0 |   9 | 1042.1 |
        Temple |     42 |     42 |      0 |      0 |      0 |   1 |   42.0 |
        Bailey |    407 |    407 |      0 |     36 |      0 |   1 |  407.0 |
               +--------+--------+--------+--------+--------+-----+--------+

Top non-repeatable levels by time:
     D:7: 1343 daAuts
     D:1: 1207 daAuts
     D:8: 1185 daAuts
     D:5: 1148 daAuts
     D:6: 1027 daAuts
     D:4: 1018 daAuts
     D:9: 1000 daAuts
     D:2: 816 daAuts
     D:3: 633 daAuts
  Bailey: 407 daAuts
  Temple: 42 daAuts
